 Dungeon Crawl Stone Soup version 0.24-a0-545-gd1b266bae6 (webtiles) character file.

Game seed: 15325661084719410540

690 MordorOrchid the Sneak (level 7, -5/46 HPs)
             Began as an Octopode Fighter on Aug 18, 2019.
             Was an Initiate of Gozag.
             Slain by a sky beast (6 damage)
             ... on level 5 of the Dungeon.
             The game lasted 00:11:55 (2970 turns).

MordorOrchid the Sneak (Octopode Fighter)           Turns: 2970, Time: 00:11:56

Health: -5/46      AC:  5    Str: 15    XL:     7   Next: 63%
Magic:  5/5        EV: 12    Int: 13    God:    Gozag
Gold:   313        SH:  9    Dex: 11    Spells: 5/6 levels left

rFire    . . .     SeeInvis .   f - +0 trident (antimagic)
rCold    . . .     Gourm    .   b - +0 shield
rNeg     . . .     Faith    .   (helmet restricted)
rPois    .         Spirit   .   (no amulet)
rElec    .         Reflect  .   k - +4 ring of protection
rCorr    .         Harm     .   m - ring of wizardry
MR       .....     Rnd*Tele +   n - ring of magical power
Stlth    ++++......             o - ring of teleportation (curse)
HPRegen  0.15/turn              (no ring)
MPRegen  0.09/turn              (no ring)
                                (no ring)
                                (no ring)

@: no status effects
A: almost no armour, stealthy swim, amphibious, 8 rings, constrict 8, camouflage
1, gelatinous body 1
a: Potion Petition, Call Merchant, Bribe Branch, Renounce Religion


You were on level 5 of the Dungeon.
You worshipped Gozag.
Gozag was aware of your devotion.
You were not hungry.

You visited 2 branches of the dungeon, and saw 6 of its levels.

You collected 426 gold pieces.
You spent 90 gold pieces at shops.
You paid 23 gold pieces to Gozag.

Inventory:

Hand Weapons
 a - a +0 trident
 f - a +0 antimagic trident (weapon)
 y - a +0 dagger
Missiles
 e - 71 arrows
 g - 4 boomerangs
 h - 180 stones
 i - 24 sling bullets
 s - 17 poisoned darts (quivered)
Armour
 b - a +0 shield (worn)
Jewellery
 k - a +4 ring of protection (left tentacle)
 m - a ring of wizardry (right tentacle)
 n - a ring of magical power (on tentacle)
 o - a cursed ring of teleportation (on tentacle)
Wands
 q - a wand of digging (8)
Scrolls
 j - 3 scrolls of teleportation
 t - a scroll of fog {unknown}
 u - a scroll of identify
Potions
 c - a potion of might
 l - 4 potions of curing
 p - 2 potions of heal wounds
 r - a potion of brilliance
Comestibles
 d - 6 rations


   Skills:
 - Level 3.0 Fighting
 + Level 5.9 Polearms
 * Level 1.8 Throwing
 * Level 3.1 Dodging
 - Level 6.0 Stealth
 * Level 4.2 Shields
 * Level 0.1 Spellcasting
 * Level 0.1 Hexes


You had 5 spell levels left.
You knew the following spells:

 Your Spells              Type           Power        Failure   Level  Hunger
a - Confusing Touch       Hex            #.....       43%         1    ##.....

Your spell library contained the following spells:

 Spells                   Type           Power        Failure   Level  Hunger
 Confuse                  Hex            #.......     78%         3    ####...
 Gell's Gravitas          Tloc           #.........   80%         3    ####...
 Petrify                  Tmut/Erth      #.......     99%         4    #####..
 Metabolic Englaciation   Hex/Ice        #.........   100%        5    ######.
 Yara's Violent Unravell  Hex/Tmut       #.........   100%        5    ######.


Dungeon Overview and Level Annotations

Branches:
Dungeon (5/15)             Temple (1/1) D:4

Altars:
Ashenzari
Elyvilon
Fedhas
Gozag
Hepliaklqana
Kikubaaqudgha
Makhleb
Nemelex Xobeh
Okawaru
Sif Muna
Trog
Zin
The Shining One

Shops:
D:4 (


Innate Abilities, Weirdness & Mutations

You cannot wear most types of armour.
You are very stealthy in the water. (Stealth+)
You are amphibious.
You can wear up to eight rings at the same time.
You can use your tentacles to constrict eight enemies at once.
Your skin changes colour to match your surroundings (Stealth+).
Your rubbery body absorbs attacks. (AC +1, EV +1)


Message History

You hit something. Something hits you. Something shocks you.
You miss something. Something hits you but does no damage.
You miss something. Something hits you. Something shocks you.
You miss something. You squeeze something!
Something hits you but does no damage.
You barely miss something. You miss something. Something hits you.
Something shocks you.
You closely miss something. Your squeeze misses something. Something hits you.
Something shocks you.
* * * LOW HITPOINT WARNING * * *
You closely miss something. You squeeze something. You hit something.
Something hits you but does no damage. Something hits you.
* * * LOW HITPOINT WARNING * * *
Something shocks you.
* * * LOW HITPOINT WARNING * * *
You miss something. Something hits you.
* * * LOW HITPOINT WARNING * * *
Something shocks you.
You die...
Your body crumbles into a pile of gold.

#.# ####.# ..##.#
#.##.# #. #.##.#
#. #####.##.##
###.###.........#
#......<###.##..#
#.#....$.@$.#...##
#.....{..........
##....###.#...###
#.##.#.## #.##.##
#>....(####.##.#
#%..........# .#
#)#..(...#.##
...#.....o..# .#
##._.....#


There were no monsters in sight!

Vanquished Creatures
  A phantom (D:4)
  A centaur (D:4)
  An orc priest (D:3)
  A hound (D:5)
  4 orc wizards
  3 iguanas
  4 worker ants
  A hound skeleton (D:4)
  6 adders
  A shadow imp (D:5)
  An ooze (D:1)
  2 worms
  A dart slug (D:3)
  3 leopard geckos
  20 orcs
  5 giant cockroaches
  6 goblins
  5 hobgoblins
  7 kobolds
  A quokka (D:3)
  A ball python (D:3)
  6 bats
  2 frilled lizards
  7 rats
90 creatures vanquished.

Vanquished Creatures (others)
  4 toadstools (D:1)
4 creatures vanquished.

Grand Total: 94 creatures vanquished

Notes
Turn   | Place    | Note
-------+----------+-------------------------------------------
     0 | D:1      | MordorOrchid the Octopode Fighter began the quest for the
                  | Orb.
     0 | D:1      | Reached XP level 1. HP: 16/16 MP: 1/1
    37 | D:1      | Reached skill level 1 in Stealth
    54 | D:1      | Reached XP level 2. HP: 15/21 MP: 2/2
   435 | D:2      | Reached XP level 3. HP: 26/26 MP: 3/3
   505 | D:2      | Reached skill level 2 in Stealth
  1049 | D:3      | You fall into a shaft and drop 1 floor!
  1066 | D:4      | Reached skill level 3 in Stealth
  1066 | D:4      | Reached XP level 4. HP: 31/31 MP: 4/4
  1113 | D:4      | Found a staircase to the Ecumenical Temple.
  1139 | Temple   | Entered the Ecumenical Temple
  1186 | Temple   | Became a worshipper of Gozag Ym Sagoz the Greedy
  1201 | D:4      | Noticed a centaur
  1214 | D:4      | Killed a centaur
  1214 | D:4      | Reached skill level 4 in Stealth
  1214 | D:4      | Reached XP level 5. HP: 17/36 MP: 5/5
  1350 | D:3      | Reached XP level 6. HP: 22/42 MP: 6/6
  1465 | D:3      | Reached skill level 5 in Stealth
  1981 | D:3      | Found a glowing silver altar of Zin.
  1983 | D:3      | Found Zin's Purification Station.
  1987 | D:3      | Bought a potion of curing for 90 gold pieces
  2282 | D:4      | Noticed a phantom
  2294 | D:4      | Killed a phantom
  2294 | D:4      | Reached skill level 5 in Polearms
  2294 | D:4      | Reached skill level 6 in Stealth
  2294 | D:4      | Reached XP level 7. HP: 46/46 MP: 5/7
  2417 | D:4      | Found Wokh's Weapon Shop.
  2487 | D:5      | Entered Level 5 of the Dungeon
  2699 | D:5      | Reached skill level 1 in Throwing
  2922 | D:5      | Learned a level 1 spell: Confusing Touch
  2928 | D:5      | Found a sparkling altar of Nemelex Xobeh.
  2929 | D:5      | Found a blossoming altar of Fedhas.
  2931 | D:5      | Found a shattered altar of Ashenzari.
  2969 | D:5      | HP: 2/46 [something (5)]
  2970 | D:5      | Slain by a sky beast

Levels and vault maps discovered:
D:1:      ldierk_water_garden, layout_rooms
D:2:      layout_basic, minmay_stone_trees_small
D:3:      layout_loops_corners, zin_purify, first_ration,
          kennysheep_generic_room_4
D:4:      layout_rooms, minmay_temple_entry_stoned_glass, serial_shops,
          nicolae_shop_crystal, grunt_ministairs_4
D:5:      layout_loops_corners, grunt_temple_overflow_open, kennysheep_mini,
          lightli_corner_chamber
Temple:   eino_temple_scatter_basement

Skill      XL: |  1  2  3  4  5  6  7 |
---------------+----------------------+-----
Stealth        | 1 3 4 6 |  6.0
Polearms       | 3 4 5 |  5.9
Shields        | 4 |  4.2
Throwing       | 1 |  1.8
Fighting       | |  3.0
Dodging        | |  3.1
Spellcasting   | |  0.1
Hexes          | |  0.1

Action                   |  1- 3 |  4- 6 |  7- 9 || total
-------------------------+-------+-------+-------++-------
Melee: Trident           |    77 |   100 |    58 ||   235
       Constrict         |    16 |    18 |    11 ||    45
       Tentacles         |     7 |    14 |    14 ||    35
       Dagger            |       |     1 |       ||     1
Throw: Stone             |       |     4 |       ||     4
       Dart              |       |       |    22 ||    22
  Use: Scroll            |     4 |     1 |     2 ||     7
       Potion            |       |     1 |       ||     1
 Stab: Sleeping          |     7 |     7 |     3 ||    17
       Distracted        |       |     1 |     1 ||     2
  Eat: Chunk             |     1 |       |       ||     1
       Ration            |       |     1 |     1 ||     2
Armor: Skin              |     6 |    14 |     4 ||    24
Dodge: Dodged            |    40 |    34 |     4 ||    78
Block: Shield            |    30 |    21 |     7 ||    58

Table legend:
 A = Non-vault XP
 B = Vault XP
 C = Vault XP percentage of total XP
 D = Non-vault monster count
 E = Vault monster count
 F = Vault count percentage of total count
                 A         B        C        D         E       F
            +---------+---------+-------+---------+---------+-------
      Total |     910 |      76 |   7.7 |      87 |       3 |   3.3
            +---------+---------+-------+---------+---------+-------
        D:1 |      28 |       0 |   0.0 |      15 |       0 |   0.0
        D:2 |      31 |       0 |   0.0 |      12 |       0 |   0.0
        D:3 |     191 |       2 |   1.0 |      33 |       1 |   2.9
        D:4 |     344 |      74 |  17.7 |       8 |       2 |  20.0
        D:5 |     316 |       0 |   0.0 |      19 |       0 |   0.0
            +---------+---------+-------+---------+---------+-------
